 Dungeon Crawl Stone Soup version 0.18-a0-943-g2c08dd4 (webtiles) character file.

783 JokEr the Skirmisher (level 8, -1/67 HPs)
             Began as a Formicid Fighter on Dec 28, 2015.
             Slain by a wyvern (11 damage)
             ... on level 5 of the Dungeon.
             The game lasted 00:14:13 (5377 turns).

JokEr the Skirmisher (Formicid Fighter)             Turns: 5377, Time: 00:14:13

Health: -1/67      AC: 11    Str: 23    XL:     8   Next: 11%
Magic:  8/8        EV:  7    Int:  8    God:
Gold:   221        SH:  9    Dex: 10    Spells: 0 memorised, 7 levels left

rFire  . . .     SeeInvis +     a - +1 long sword
rCold  . . .     Gourm    .     j - +0 pearl dragon armour
rNeg   + . .     Faith    .     c - +0 shield
rPois  .         Spirit   .     (helmet unavailable)
rElec  .         Dismiss  .     (no cloak)
rCorr  .         Reflect  .     (no gloves)
SustAt .         Harm     .     (no boots)
MR     .....                    (no amulet)
Stlth  ..........               (no ring)
                                (no ring)

@: not resistant to hostile enchantments, extremely unstealthy
A: permanent stasis, dig shafts and tunnels, four strong arms, antennae 3
a: Dig, Shaft Self


You were on level 5 of the Dungeon.
You were not hungry.

You visited 1 branch of the dungeon, and saw 5 of its levels.

You collected 221 gold pieces.

Inventory:

Hand Weapons
 a - a +1 long sword (weapon)
Armour
 c - a +0 shield (worn)
 j - a +0 pearl dragon armour (worn)
Jewellery
 k - an uncursed ring of protection from cold {unknown}
Scrolls
 h - 2 scrolls of remove curse
 n - 2 scrolls of identify
 q - a scroll of recharging {unknown}
Potions
 d - a potion of cancellation
 e - 3 potions of experience
 l - a potion of heal wounds
 o - a potion of ambrosia
 r - a potion of brilliance
 s - a potion of curing {unknown}
Comestibles
 b - a meat ration
 f - 7 bread rations
 g - a royal jelly
 i - 5 fruits
 m - a beef jerky
 p - a slice of pizza


   Skills:
 + Level 7.3 Fighting
 + Level 6.3 Long Blades
 - Level 3.2 Armour
 - Level 3.6 Shields


You had 7 spell levels left.
You didn't know any spells.

Dungeon Overview and Level Annotations

Branches:
Dungeon (5/15)
 Temple: D:4-7

Altars:
Nemelex Xobeh
Trog


Innate Abilities, Weirdness & Mutations

You are under a permanent stasis effect.
You can dig through walls and to a lower floor.
Your four strong arms can wield two-handed weapons with a shield.
You have a pair of large antennae on your head (SInv).


Message History

You feel much better. You block the phantom's attack.
You block the wyvern's attack.
The phantom hits you but does no damage.
You block the wyvern's attack.
The phantom hits you but does no damage.
The wyvern hisses menacingly.
The wyvern hisses menacingly.
The wyvern bites you!
You closely miss the wyvern.
The wyvern is severely wounded.
The wyvern bites you but does no damage.
You barely miss the wyvern.
The wyvern is severely wounded.
The wyvern closely misses you. You block the wyvern's attack.
You hit the wyvern.
The wyvern is almost dead.
The wyvern bites you!
* * * LOW HITPOINT WARNING * * *
The wyvern bites you!
You die...

##.#.#..# #....#..#
#..###..# .
#.......## .#
###.###.####...#..#
.......#.....#....
###.###.####...##.#
#..†........#
#####@#..... ##l##
### #.W.# #.#)#
...#.(.#
#.#####.... #.
.#### # . ##


You could see a phantom and a wyvern.

Vanquished Creatures
  A phantom (D:5)
  An ice beast (D:5)
  Blork the orc (D:4)
  A scorpion (D:5)
  The ghost of chonchonts the Chopper, a weakling MiFi (D:3)
  A crimson imp (D:5)
  A hound (D:4)
  An orc priest (D:4)
  An orc wizard (D:4)
  3 iguanas
  A worker ant (D:4)
  7 adders
  A gnoll (D:4)
  An ooze (D:1)
  An adder skeleton (D:5)
  6 worms
  7 giant geckos
  9 orcs
  2 giant cockroaches (D:4)
  7 hobgoblins
  14 jackals
  6 kobolds
  A quokka (D:4)
  7 bats
  7 giant newts
  5 goblins
  A jackal skeleton (D:4)
  9 rats
104 creatures vanquished.

Notes
Turn   | Place    | Note
--------------------------------------------------------------
     0 | D:1      | JokEr the Formicid Fighter began the quest for the Orb.
     0 | D:1      | Reached XP level 1. HP: 18/18 MP: 1/1
    66 | D:1      | Found a sparkling altar of Nemelex Xobeh.
    75 | D:1      | Reached XP level 2. HP: 24/24 MP: 2/2
   351 | D:1      | Reached XP level 3. HP: 25/30 MP: 3/3
   578 | D:1      | Reached skill level 4 in Fighting
   857 | D:2      | Reached XP level 4. HP: 37/37 MP: 4/4
  1826 | D:3      | Noticed a moth of wrath
  1830 | D:3      | Reached XP level 5. HP: 43/43 MP: 5/5
  1856 | D:3      | Found a bloodstained altar of Trog.
  2010 | D:3      | Noticed chonchonts's ghost (weakling MiFi)
  2035 | D:3      | Killed chonchonts's ghost
  2035 | D:3      | Reached skill level 5 in Fighting
  3067 | D:4      | Reached XP level 6. HP: 47/51 MP: 6/6
  4118 | D:4      | Reached skill level 5 in Long Blades
  4160 | D:4      | Reached skill level 6 in Fighting
  4195 | D:4      | Noticed Blork the orc
  4254 | D:3      | Reached XP level 7. HP: 41/58 MP: 7/7
  4482 | D:4      | Killed Blork the orc
  4964 | D:5      | Entered Level 5 of the Dungeon
  5207 | D:5      | Reached skill level 7 in Fighting
  5237 | D:5      | Reached XP level 8. HP: 61/67 MP: 8/8
  5370 | D:5      | HP: 3/67 [wyvern (15)]
  5377 | D:5      | Slain by a wyvern

Vault maps used:
D:1:      moated_graveyard_arrival, nemelex_deck
D:2:      first_bread
D:3:      serial_co_window_serial, co_window_paths_b, co_window_paths_a,
          co_window_paths_b, co_window_paths_b, co_window_paths_a,
          co_window_paths_a, co_window_paths_b, co_window_corner_b,
          co_window_unsneaky_path_d, co_window_cross_3, co_window_corner_b,
          co_window_paths_d, glass_columns_c, glass_columns_a, tgw_trog
D:4:      minmay_box_of_dots, uniq_blork_the_orc
D:5:      minmay_misc_feat_five

Action                   |  1- 3 |  4- 6 |  7- 9 || total
-------------------------+-------+-------+-------++-------
Melee: Long sword        |   115 |   301 |   102 ||   518
 Abil: Dig               |       |     4 |       ||     4
  Use: Scroll            |     1 |     4 |     5 ||    10
       Potion            |       |     1 |     1 ||     2
  Eat: Chunk             |       |    11 |     3 ||    14
       Pizza             |       |       |     1 ||     1
